 Dungeon Crawl Stone Soup version 0.19-a0-1937-g70ed36a (webtiles) character file.

6106 varam the Grappler (level 10, 0/88 HPs)
             Began as a Troll Monk on Oct 26, 2016.
             Was an Elder of Okawaru.
             Slain by an orc
             ... wielding a +0 whip
              (2 damage)
             ... on level 10 of the Dungeon.
             The game lasted 00:17:44 (8449 turns).

varam the Grappler (Troll Monk)                     Turns: 8449, Time: 00:17:45

Health: 0/88       AC:  7    Str: 27    XL:     10   Next: 58%
Magic:  7/9        EV: 23    Int:  6    God:    Okawaru [****..]
Gold:   488        SH:  0    Dex: 19    Spells: 0 memorised, 9 levels left

rFire  . . .     SeeInvis .       - Unarmed
rCold  . . .     Gourm    +     Q - +1 robe {MR+}
rNeg   . . .     Faith    .     (no shield)
rPois  .         Spirit   .     (helmet restricted)
rElec  .         Reflect  .     I - +0 cloak
rCorr  .         Harm     .     (gloves unavailable)
MR     +....     Rnd*Rage +     (boots unavailable)
Stlth  ++++......               (no amulet)
                                O - +5 ring of strength
                                (no ring)

@: agile, heroism
A: unfitting armour, antennae 1, claws 3, hooves 1, berserk 1, fast metabolism
3, gourmand, regeneration 1, shaggy fur 1, tough skin 2, subdued magic 1
a: Heroism, Renounce Religion


You were on level 10 of the Dungeon.
You worshipped Okawaru.
Okawaru was greatly pleased with you.
You were very hungry.

You visited 2 branches of the dungeon, and saw 11 of its levels.

You collected 621 gold pieces.
You spent 133 gold pieces at shops.

Inventory:

Hand Weapons
 A - a +4 hunting sling
Missiles
 k - 369 stones
 r - 12 tomahawks (quivered)
 E - 5 tomahawks of returning
 G - 63 sling bullets
 P - 7 javelins of returning
Armour
 I - a +0 cloak (worn)
 Q - a +1 robe of magic resistance (worn)
Jewellery
 y - an uncursed ring of magical power
 H - an uncursed ring of resist corrosion
 O - a +5 ring of strength (right claw)
Wands
 e - a wand of teleportation (4/9)
 p - a wand of paralysis (13/24)
 t - a wand of iceblast (6/15)
 z - a wand of flame (48/48)
 B - a wand of enslavement (16/24)
 C - a wand of enslavement (8/24)
Scrolls
 c - 2 scrolls of random uselessness
 g - 4 scrolls of teleportation
 h - 4 scrolls of identify {@r1}
 j - a scroll of enchant armour {unknown}
 l - 2 scrolls of blinking
 s - 3 scrolls of recharging
 v - 2 scrolls of magic mapping
 w - 2 scrolls of holy word {unknown}
 M - 2 scrolls of fog {unknown}
 N - a scroll of amnesia {unknown}
Potions
 d - a potion of lignification
 m - a potion of cure mutation {unknown}
 n - a potion of curing {@q1}
 o - 3 potions of flight {unknown}
 x - a potion of haste {unknown}
 D - 2 potions of brilliance {unknown}
 J - a potion of ambrosia {unknown}
 K - a potion of mutation {unknown}
 L - a potion of might
Comestibles
 b - 13 bread rations
 i - 2 meat rations
 q - 3 beef jerkies
 u - 9 slices of pizza
 F - 5 fruits


   Skills:
 - Level 2.4(7.4) Fighting
 - Level 3.4(8.4) Throwing
 + Level 5.7(10.7) Dodging
 - Level 1.0(6.0) Stealth
 + Level 14.0(19.0) Unarmed Combat


You had 9 spell levels left.
You didn't know any spells.

Dungeon Overview and Level Annotations

Branches:
Dungeon (10/15)            Temple (1/1) D:5            Lair (0/6) D:10
    Orc: D:9-12

Altars:
Ashenzari
Cheibriados
Dithmenos
Elyvilon
Fedhas
Gozag
Hepliaklqana
Kikubaaqudgha
Makhleb
Nemelex Xobeh
Okawaru
Qazlal
Ru
Sif Muna
Trog
Uskayaw
Vehumet
Xom
Yredelemnul
Zin
The Shining One

Shops:
D:4 =   D:8 *[?!


Innate Abilities, Weirdness & Mutations

You are too large for most types of armour.
You have claws for hands.
Your metabolism is lightning-fast.
You like to eat raw meat.
Your natural rate of healing is unusually fast.
You are covered in fur. (AC +1)
You have very tough skin. (AC +2)
You have a pair of small antennae on your head.
You have large cloven feet.
You tend to lose your temper in combat.
Your spells are a little easier to cast, but a little less powerful.


Message History

The warg closely misses you.
You scratch the warg. You kick the warg, but do no damage.
The warg is almost dead.
You scratch the warg.
You kill the warg!
Okawaru accepts your kill.
Your life force feels restored.
Your base Unarmed Combat skill increases to level 14!
The orc hits you with a whip.
* * * LOW HITPOINT WARNING * * *
You mangle the orc priest!!
You kill the orc priest!
Okawaru accepts your kill. The orc hits you with a short sword.
* * * LOW HITPOINT WARNING * * *
You eviscerate the orc!!!
You kill the orc!
Okawaru accepts your kill. The orc hits you with a whip.
You die...

#.!.###
#...##.......#
#.....#
#...##.......#
#.....#
#...##.......#
#<....#
#...##.......#
#..o..#
#...##.).....#
#.....#
#....)[#####.#
#.....####......#
#.#
#.......)o......#
#.#
##......o)@......#
#.#
.........###......#
#.# ##.......#
#......# #.#
#.......# #......#
#.# #.......#
#......# #.#
#..###..# #......#
#.. #..# ......# #.
#..# ......# #..#


You could see an orc priest and an orc.

Vanquished Creatures
  Joseph (D:8)
  The ghost of Xiguana the Charmwright, an amateur HESk (D:3)
  3 hippogriffs
  2 hogs (D:7)
  2 yaks (D:7)
  3 wargs (D:10)
  A human (D:7)
  Menkaure (D:4)
  Edmund (D:5)
  An orc warrior (D:7)
  A sky beast (D:8)
  2 black bears
  4 ice beasts
  A necrophage (D:8)
  3 phantoms
  3 ogres
  2 big kobolds
  A gnoll sergeant (D:7)
  A wyvern skeleton (D:6)
  8 killer bees (D:7)
  3 scorpions
  10 wights
  A howler monkey (D:7)
  5 crimson imps
  A quasit (D:7)
  A bullfrog zombie (D:5)
  3 jellies
  4 orc priests
  5 hounds
  3 bullfrog skeletons
  Crazy Yiuf (D:7)
  3 orc wizards
  2 iguanas
  3 worker ants
  8 gnolls
  A worker ant zombie (D:7)
  11 adders
  A shadow imp (D:7)
  2 oozes
  An adder zombie (D:8)
  An adder skeleton (D:9)
  2 worms
  2 dart slugs
  6 leopard geckos
  23 orcs
  A ball python (D:8)
  3 giant cockroaches
  6 goblins
  4 hobgoblins
  7 jackals
  4 quokkas
  7 bats
  2 frilled lizards (D:3)
  2 jackal skeletons
  21 kobolds
  6 rats
208 creatures vanquished.

Vanquished Creatures (others)
  A quokka (D:2)
1 creature vanquished.

Grand Total: 209 creatures vanquished

Notes
Turn   | Place    | Note
-------+----------+-------------------------------------------
     0 | D:1      | varam the Troll Monk began the quest for the Orb.
     0 | D:1      | Reached XP level 1. HP: 22/22 MP: 0/0
   111 | D:1      | Reached XP level 2. HP: 29/29 MP: 1/1
   523 | D:1      | Reached skill level 4 in Unarmed Combat
   942 | D:2      | Reached XP level 3. HP: 36/36 MP: 2/2
   957 | D:2      | Found a faded altar of an unknown god.
  1135 | D:2      | Found a glowing silver altar of Zin.
  1261 | D:2      | Reached skill level 1 in Throwing
  1643 | D:3      | Reached XP level 4. HP: 41/44 MP: 3/3
  1911 | D:3      | Noticed Xiguana's ghost (amateur HESk)
  1941 | D:3      | Killed Xiguana's ghost
  1941 | D:3      | Reached skill level 5 in Unarmed Combat
  1941 | D:3      | Reached XP level 5. HP: 13/50 MP: 4/4
  1941 | D:3      | Reached XP level 6. HP: 15/59 MP: 5/5
  2461 | D:4      | Found a deep blue altar of Sif Muna.
  2574 | D:4      | Reached skill level 6 in Unarmed Combat
  2591 | D:4      | HP: 2/59 [poisoned by an orc]
  2903 | D:4      | Noticed Menkaure
  2913 | D:4      | Killed Menkaure
  2913 | D:4      | Reached XP level 7. HP: 66/66 MP: 6/6
  3187 | D:4      | Found Keoqez's Jewellery Emporium.
  3232 | D:5      | Entered Level 5 of the Dungeon
  3400 | D:5      | Reached skill level 7 in Unarmed Combat
  3853 | D:5      | Found a staircase to the Ecumenical Temple.
  3878 | Temple   | Entered the Ecumenical Temple
  3944 | Temple   | Became a worshipper of Warmaster Okawaru
  3944 | Temple   | Reached * piety under Okawaru
  3944 | Temple   | Reached ** piety under Okawaru
  4133 | D:5      | Noticed Edmund
  4150 | D:5      | Killed Edmund
  4150 | D:5      | Reached XP level 8. HP: 58/74 MP: 7/7
  4337 | D:6      | Found a stormy altar of Qazlal.
  4431 | D:6      | Reached skill level 5 in Dodging
  4431 | D:6      | Reached skill level 8 in Unarmed Combat
  4677 | D:6      | Noticed a hippogriff
  4686 | D:6      | Killed a hippogriff
  4951 | D:6      | Reached *** piety under Okawaru
  5066 | D:7      | Reached skill level 9 in Unarmed Combat
  5294 | D:7      | Reached skill level 10 in Unarmed Combat
  5311 | D:7      | Reached XP level 9. HP: 13/80 MP: 8/8
  5810 | D:7      | Reached skill level 11 in Unarmed Combat
  5820 | D:7      | Received a gift from Okawaru
  5821 | D:7      | Reached skill level 12 in Unarmed Combat
  5994 | D:7      | Found an opulent altar of Gozag.
  6120 | D:7      | Reached **** piety under Okawaru
  6157 | D:7      | Found a runed door.
  6206 | D:7      | Noticed Crazy Yiuf
  6212 | D:7      | Killed Crazy Yiuf
  6541 | D:8      | Noticed Joseph
  6559 | D:8      | Killed Joseph
  6559 | D:8      | Reached XP level 10. HP: 46/88 MP: 9/9
  6588 | D:8      | Found a blossoming altar of Fedhas.
  6635 | D:8      | Found Voet's Magic Scroll Shoppe.
  6648 | D:8      | Found Efruhoip's Armour Boutique.
  6686 | D:8      | Found Takapre's Assorted Antiques.
  6697 | D:8      | Bought a scroll labeled SUIQ UROIREROM for 30 gold pieces
  6891 | D:8      | Found Vyclicar's Distillery.
  6897 | D:8      | Bought a potion of might for 64 gold pieces
  7117 | D:8      | Reached skill level 13 in Unarmed Combat
  7123 | D:8      | Gained mutation: You have large cloven feet. [mutagenic meat]
  7124 | D:8      | Gained mutation: You are frail. (-10% HP) [mutagenic meat]
  7125 | D:8      | Lost mutation: You are frail. (-10% HP) [mutagenic meat]
  7126 | D:8      | Gained mutation: You have a pair of small antennae on your head. [mutagenic meat]
  7127 | D:8      | Gained mutation: Your spells are a little easier to cast, but a little less powerful. [mutagenic meat]
  7128 | D:8      | Gained mutation: You tend to lose your temper in combat. [mutagenic meat]
  7491 | D:8      | Bought a scroll of remove curse for 39 gold pieces
  7598 | D:9      | Reached ***** piety under Okawaru
  7998 | D:9      | Received a gift from Okawaru
  8109 | D:9      | Found a basalt altar of Yredelemnul.
  8160 | D:9      | Found a white marble altar of Elyvilon.
  8350 | D:10     | Entered Level 10 of the Dungeon
  8423 | D:10     | Found a staircase to the Lair.
  8447 | D:10     | Reached skill level 14 in Unarmed Combat
  8447 | D:10     | HP: 3/88 [orc/whip (5)]
  8449 | D:10     | Slain by an orc

Vault maps used:
D:1:      lightli_arrival_isolated_outpost, feat_on_display
D:2:      zin_statuary, ecumenical_altar_1, kennysheep_minor_cross,
          lemuel_flame_loot_1
D:4:      led_sif_pool, serial_shops, shop, uniq_menkaure
D:5:      first_bread, uniq_edmund
D:6:      nicolae_qazlal_general_emergency
D:7:      nicolae_gozag_seed_capital, grunt_livestock, lemuel_flamethrower_1,
          uniq_crazy_yiuf_cottage
D:8:      lemuel_round_altar, serial_undead, serial_undead_c, serial_undead_f,
          serial_undead_d, serial_undead_c, serial_undead_f, serial_shops,
          nicolae_shop_stone, shop, shop,
          nicolae_shop_temple_entry_statues_fountains, uniq_joseph
D:9:      kennysheep_ying_yang, serial_co_window_serial,
          co_window_of_opportunity_a, co_window_corner_a, co_window_corner_a,
          co_window_paths_a, co_window_corner_a, co_window_of_opportunity_a,
          co_window_unsneaky_path_a, co_window_broadway_a, co_window_corner_b,
          co_window_of_opportunity_b, co_window_broadway_a, glass_columns_a,
          glass_columns_a
D:10:     erik_lair_orcish_takeover
Temple:   regret_index_temple_waves

Skill      XL: |  1  2  3  4  5  6  7  8  9 10 |
---------------+-------------------------------+-----
Unarmed Combat | 4 5 6 7 10 12 14 | 14.0
Throwing       | 1 3 |  3.4
Dodging        | 3 4 5 |  5.7
Fighting       | |  2.4
Stealth        | |  1.0

Action                   |  1- 3 |  4- 6 |  7- 9 | 10-12 || total
-------------------------+-------+-------+-------+-------++-------
Melee: Unarmed           |   102 |    96 |   291 |   123 ||   612
       Punch             |     2 |     3 |    10 |     8 ||    23
       Kick              |       |       |       |    30 ||    30
Throw: Stone             |       |     1 |     3 |       ||     4
       Tomahawk          |       |       |     4 |       ||     4
Invok: Heroism           |       |       |     7 |     3 ||    10
Evoke: Wand              |       |       |     1 |       ||     1
  Use: Scroll            |       |     4 |     1 |     4 ||     9
       Potion            |       |     1 |     1 |     1 ||     3
 Stab: Sleeping          |     2 |     1 |     4 |       ||     7
       Distracted        |       |       |     2 |       ||     2
  Eat: Chunk             |    19 |    13 |    33 |     9 ||    74
       Meat ration       |       |       |       |     1 ||     1
Armor: Robe              |    46 |    21 |    56 |    21 ||   144
Dodge: Dodged            |    55 |    56 |   190 |    71 ||   372
